 Dungeon Crawl Stone Soup version 0.28-a0-1412-gf95308ed99 (webtiles) character file.

Game seed: 6685227243228532029

70246 Armakuni the Carver (level 14, -4/110 HPs)
             Began as a Mummy Fighter on Jan 6, 2022.
             Was an Initiate of Gozag.
             Slain by a jumping spider (14 damage)
             ... on level 1 of the Spider Nest.
             The game lasted 01:03:38 (26203 turns).

Armakuni the Carver (Mummy Fighter)                Turns: 26203, Time: 01:03:39

Health: -4/110     AC: 17    Str: 19    XL:     14   Next: 93%
Magic:  17/17      EV: 12    Int: 12    God:    Gozag
Gold:   980        SH:  7    Dex: 21    Spells: 5/17 levels left

rFire   . . .      SeeInvis .   a - +8 demon blade "Leech" {vamp, Harm Drain rN+}
rCold   + . .      Faith    .   e - +1 buckler
rNeg    + + +      Spirit   .   A - +4 chain mail {rF+}
rPois   ∞          Reflect  .   (no helmet)
rElec   .          Harm     +   u - scarf {shadows}
rCorr   .          Rampage  .   E - +0 pair of fencer's gloves {Riposte Dex+3}
Will    +....                   (no boots)
Stlth   ..........              R - amulet of regeneration
HPRegen 1.08/turn               L - ring of flight
MPRegen 0.15/turn               D - +6 ring of dexterity

@: flying, glowing
A: cold resistance 1, negative energy resistance 3, torment resistance 2, heat
vulnerability 1, in touch with death 1, no potions
a: Renounce Religion, Potion Petition, Call Merchant, Bribe Branch


You were on level 1 of the Spider Nest.
You worshipped Gozag.
Gozag was pleased with you.
You visited 5 branches of the dungeon, and saw 19 of its levels.
You also visited: Ossuary.

You collected 6610 gold pieces.
You spent 4686 gold pieces at shops.
You paid 944 gold pieces to Gozag.

Inventory:

Hand Weapons
 a - the +8 demon blade "Leech" (weapon) {vamp, Harm Drain rN+}
   (You bought it in a shop on level 7 of the Dungeon)

   It heals its wielder for a portion of the damage dealt every time it strikes
   a living foe.
   rN:        It protects you from negative energy.
   Drain:     It drains your maximum health when unequipped.
   Harm:      It increases damage dealt and taken.
 b - a +4 double sword of flaming
Armour
 e - a +1 buckler (worn)
 i - an orb of energy
 u - a scarf of shadows (worn)
 A - a +4 chain mail of fire resistance (worn)
 B - the +7 chain mail "Fusheg" {rElec rC+ rN+ Int+2}
   (You found it on level 1 of the Lair of Beasts)

   Int:       It affects your intelligence (+2).
   rC:        It protects you from cold.
   rElec:     It insulates you from electricity.
   rN:        It protects you from negative energy.
 E - the +0 pair of fencer's gloves (worn) {Riposte Dex+3}
   (You bought it in a shop on level 2 of the Orcish Mines)

   It allows the wearer to riposte with melee weapons, swiftly retaliating
   against missed attacks.
   Dex:       It affects your dexterity (+3).
Jewellery
 D - a +6 ring of dexterity (right hand)
 L - a ring of flight (left hand)
 R - an amulet of regeneration (around neck)
Wands
 k - a wand of digging (1)
 v - a wand of polymorph (1)
 z - a wand of paralysis (6)
 C - a wand of flame (3)
Scrolls
 c - 3 scrolls of immolation
 d - 13 scrolls of identify
 f - 2 scrolls of fog
 g - 8 scrolls of teleportation
 h - a scroll of magic mapping
 j - a scroll of silence
 n - 2 scrolls of summoning
 o - 3 scrolls of amnesia
 r - 2 scrolls of vulnerability
 s - 2 scrolls of fear
 t - a scroll of holy word
 w - 2 scrolls of blinking
 x - 2 scrolls of noise
Miscellaneous
 l - a lightning rod (inert)
 m - a box of beasts (inert)
 p - a phial of floods (inert)


   Skills:
 - Level 10.0 Fighting
 - Level 14.0 Long Blades
 - Level 5.0 Maces & Flails
 + Level 11.1 Armour
 + Level 8.6 Dodging
 - Level 4.0 Shields
 - Level 2.4 Spellcasting
 - Level 2.0 Necromancy
 - Level 6.0 Evocations


You had 5 spell levels left.
You knew the following spells:

 Your Spells              Type           Power      Damage    Failure   Level
c - Borgnjor's Vile Clut  Necr/Erth      2%         N/A       100%        5
d - Dispel Undead         Necr           9%         3d8       100%        4
z - Vampiric Draining     Necr           9%         2d6       97%         3

Your spell library contained the following spells:

 Spells                   Type           Power      Damage    Failure   Level
 Animate Skeleton         Necr           18%        N/A       73%         1
 Pain                     Necr           36%        1d5       73%         1
 Magic Dart               Conj           4%         1d3       94%         1
 Blink                    Tloc           2%         N/A       98%         2
 Call Imp                 Summ           1%         N/A       98%         2
 Static Discharge         Conj/Air       1%         N/A       98%         2
 Frozen Ramparts          Ice            2%         1d2       100%        3
 Lesser Beckoning         Tloc           1%         N/A       100%        3
 Mephitic Cloud           Conj/Pois/Air  1%         N/A       100%        3
 Tukima's Dance           Hex            1%         N/A       100%        3
 Leda's Liquefaction      Hex/Erth       0%         N/A       100%        4
 Passage of Golubria      Tloc           1%         N/A       100%        4
 Sticky Flame             Conj/Fire      1%         2d3       100%        4
 Summon Ice Beast         Ice/Summ       1%         N/A       100%        4
 Alistair's Intoxication  Tmut/Pois      0%         N/A       100%        5
 Fireball                 Conj/Fire      0%         3d3       100%        5
 Lee's Rapid Deconstruct  Erth           0%         3d5*      100%        5
 Manifold Assault         Tloc           1%         N/A       100%        5
 Summon Forest            Summ/Tloc      0%         N/A       100%        5
 Yara's Violent Unravell  Hex/Tmut       0%         3d3       100%        5
 Eringya's Noxious Bog    Tmut/Pois      0%         N/A       100%        6
 Starburst                Conj/Fire      0%         6d3       100%        6
 Summon Hydra             Summ           0%         N/A       100%        7
 Ignition                 Fire           0%         3d3       100%        8
 Ice Form                 Ice/Tmut       Unusable   N/A       N/A         4
 Statue Form              Tmut/Erth      Unusable   N/A       N/A         6

Dungeon Overview and Level Annotations

Branches:
Dungeon (11/15)            Temple (1/1) D:5            Lair (4/6) D:8
  Swamp (0/4) Lair:4       Spider (1/4) Lair:2          Orc (2/2) D:10
    Elf (0/3) Orc:2       Ossuary (visited)

Altars:
Ashenzari
Cheibriados
Dithmenos
Elyvilon
Fedhas
Gozag
Hepliaklqana
Kikubaaqudgha
Makhleb
Nemelex Xobeh
Okawaru
Qazlal
Ru
Sif Muna
Trog
Uskayaw
Vehumet
Wu Jian
Xom
Yredelemnul
Zin
The Shining One
Beogh

Shops:
D:7 (   D:9 [   Orc:2 **:*[??


Innate Abilities, Weirdness & Mutations

You are immune to poison.
Your flesh is cold resistant. (rC+)
You are immune to negative energy. (rN+++)
You are immune to unholy pain and torment.
You are vulnerable to heat. (rF-)
You are in touch with the powers of death.
You do not drink.


Message History

Aim: a sun moth (moderately wounded, unaffected by silence, waterlogged, haloed, 77% to hit)
The puff of flame hits the sun moth.
The sun moth resists.
The sun moth is heavily wounded.
The demonic crawler barely misses you. The demonic crawler hits you!
The demonic crawler hits you but does no damage.
Aiming: Throw Flame
Press: ? - help, Shift-Dir - straight line, f/p - sun moth
Aim: a sun moth (heavily wounded, unaffected by silence, waterlogged, haloed, 77% to hit)
The puff of flame hits the sun moth.
The sun moth resists.
The sun moth is heavily wounded.
The demonic crawler hits you but does no damage. x3
The jumping spider leaps!
The sun moth throws energy at you. The bolt of energy hits you!!
The jumping spider leaps!
You completely miss the sun moth.
The sun moth is heavily wounded.
The demonic crawler hits you. You block the demonic crawler's attack.
The demonic crawler hits you. The jumping spider pounces on you.
You are caught in a web!
The jumping spider closely misses you.
The jumping spider leaps!
The web tears apart.
The demonic crawler hits you.
The demonic crawler hits you but does no damage.
The demonic crawler hits you. The jumping spider closely misses you.
You block the jumping spider's attack. The sun moth throws energy at you.
The bolt of energy hits you! You block the jumping spider's attack.
The jumping spider bites you but does no damage.
The jumping spider leaps!
The demonic crawler hits you!
* * * LOW HITPOINT WARNING * * *
The demonic crawler hits you but does no damage.
The demonic crawler hits you.
* * * LOW HITPOINT WARNING * * *
The sun moth bites you!
* * * LOW HITPOINT WARNING * * *
You closely miss the sun moth.
The sun moth is moderately wounded.
The redback is engulfed in a cloud of scalding steam.
The jumping spider pounces on you!
You die...
Your body crumbles into a pile of gold.

.# ..... .###.....
.#....... ^..##≈≈.
.#.....# ##..#≈≈..
.......# .s§≈≈≈≈.
.....### :.≈≈≈≈≈#
.......# #s§s...^
.....^## ##ys.....
...#### ### ##s@s°...#
..##..# #.###^.#..####
......# ##......#....#
.....####.......###.##
#......#...#.....# ##
###....#...#...#.#
#........##..###
#.^.......####
#..#....##...


You could see a sun moth (unsilenced, waterlogged), a demonic crawler
(waterlogged), 2 jumping spiders and 3 redbacks.

Vanquished Creatures
  A broodmother (Spider:1)
  2 catoblepae
  A boulder beetle (Spider:1)
  7 hydras
  The ghost of NigelTetley the Carver, a journeyman FoFi of Cheibriados (Lair:1)
  The ghost of julianmaster the Convoker, a journeyman OpSu of Gozag (Orc:2)
  Erolcha (D:10)
  A centaur warrior (D:11)
  2 two-headed ogres (D:10)
  A death scarab (Spider:1)
  Urug (Lair:1)
  A death yak (D:8)
  The ghost of p0werm0de the Skirmisher, a novice DjCK of Xom (D:8)
  5 orc high priests
  2 pharaoh ants (Spider:1)
  A sun moth (Spider:1)
  A skeletal warrior (D:11)
  11 orc knights
  8 wolf spiders (Spider:1)
  A cyclops (D:9)
  3 orc sorcerers
  2 manticores
  Joseph (Lair:1)
  A moth of wrath (Spider:1)
  A black mamba (Lair:2)
  2 torpor snails
  The ghost of Armakuni the Twirler, a novice DgGl (D:4)
  12 cane toads
  2 demonic crawlers (Spider:1)
  Maggie (D:10)
  An unseen horror (D:11)
  Psyche (D:8)
  4 rime drakes
  5 komodo dragons
  A hornet (D:8)
  5 trolls
  7 tarantellas (Spider:1)
  4 blink frogs
  Prince Ribbit (D:6)
  2 dream sheep (Lair:2)
  11 culicivoras (Spider:1)
  3 jumping spiders (Spider:1)
  5 wraiths
  35 yaks
  Sigmund (D:4)
  12 wyverns
  8 basilisks
  25 redbacks (Spider:1)
  A redback (shapeshifter) (D:11)
  Edmund (D:6)
  11 wargs
  An acid dragon (D:9)
  A hell hound (Lair:4)
  12 water moccasins
  Duvessa (D:6)
  47 orc warriors
  A sky beast (D:6)
  5 black bears
  3 wolves
  3 centaurs
  10 ogres
  3 necrophages
  A phantom (D:4)
  2 kobold brigands (D:9)
  An elf zombie (Ossuary)
  A gnoll sergeant (D:9)
  3 scorpions
  12 bullfrogs
  A water moccasin zombie (D:5)
  Dowan (D:6)
  5 wights (D:7)
  12 killer bees
  A vampire bat (Lair:4)
  2 howler monkeys
  2 electric eels
  7 centaur zombies
  A bullfrog zombie (D:6)
  2 jellies
  3 centaur skeletons
  29 orc priests
  A bullfrog skeleton (D:4)
  3 iguanas
  17 hell rats
  16 orc wizards
  A hound skeleton (D:5)
  3 mummies (Ossuary)
  3 howler monkey zombies
  4 gnolls (D:4)
  A howler monkey skeleton (D:4)
  7 adders
  17 river rats
  A shadow imp (D:4)
  6 worms
  4 dart slugs
  111 orcs
  16 bats
  8 endoplasms
  2 giant cockroaches (D:4)
  6 goblins
  9 hobgoblins
  17 kobolds
  5 quokkas
  10 ball pythons
  4 frilled lizards
  6 goblin zombies (Ossuary)
  3 hobgoblin zombies (Ossuary)
  4 kobold zombies (Ossuary)
  A quokka skeleton (D:4)
  28 rats
  A bush (Lair:1)
708 creatures vanquished.

Vanquished Creatures (collateral kills)
  Fannar (Lair:3)
  A water moccasin (Lair:3)
  An orc (Orc:1)
3 creatures vanquished.

Vanquished Creatures (others)
  A wolf (Lair:1)
  A rat (Lair:2)
  20 fungi
  25 plants
47 creatures vanquished.

Grand Total: 758 creatures vanquished

Notes
Turn   | Place    | Note
-------+----------+-------------------------------------------
     0 | D:1      | Armakuni the Mummy Fighter began the quest for the Orb.
     0 | D:1      | Reached XP level 1. HP: 18/18 MP: 1/1
   244 | D:1      | Reached XP level 2. HP: 22/25 MP: 2/2
   476 | D:1      | Reached XP level 3. HP: 30/30 MP: 3/3
   777 | D:1      | Found a faded altar of an unknown god.
  1401 | D:2      | Reached XP level 4. HP: 33/38 MP: 4/4
  2662 | D:3      | Reached skill level 5 in Fighting
  2662 | D:3      | Reached XP level 5. HP: 38/44 MP: 5/5
  2938 | D:3      | Reached XP level 6. HP: 34/51 MP: 6/6
  3495 | D:4      | Found a transporter.
  3514 | D:4      | Found a transporter.
  3516 | D:4      | Noticed Armakuni's ghost (novice DgGl)
  3772 | D:4      | Reached skill level 1 in Dodging
  4273 | D:4      | Reached XP level 7. HP: 35/59 MP: 7/7
  4674 | D:4      | Noticed Sigmund
  4943 | D:5      | Entered Level 5 of the Dungeon
  5130 | D:5      | Found a staircase to the Ecumenical Temple.
  5138 | Temple   | Entered the Ecumenical Temple
  5242 | Temple   | Became a worshipper of Gozag Ym Sagoz the Greedy
  5465 | D:4      | Reached skill level 1 in Evocations
  5580 | D:4      | Killed Sigmund
  5666 | D:4      | Reached XP level 8. HP: 47/67 MP: 5/8
  6394 | D:5      | Learned a level 3 spell: Vampiric Draining
  6660 | D:6      | Noticed Edmund
  6677 | D:6      | Killed Edmund
  6747 | D:6      | Noticed Prince Ribbit
  6761 | D:6      | Killed Prince Ribbit
  6898 | D:6      | Reached skill level 5 in Maces & Flails
  7136 | D:6      | Reached XP level 9. HP: 70/74 MP: 9/9
  7287 | D:6      | Noticed Duvessa
  7287 | D:6      | Noticed Dowan
  7304 | D:6      | Killed Dowan
  7304 | D:6      | Killed Duvessa
  7638 | D:7      | Reached skill level 5 in Evocations
  8595 | D:8      | Noticed p0werm0de's ghost (novice DjCK)
  8599 | D:8      | Found a runed translucent door.
  8921 | D:8      | Noticed a death yak
  8933 | D:8      | Found a sand-covered staircase.
  8938 | Ossuary  | Entered an ossuary
  9019 | Ossuary  | Reached skill level 5 in Armour
  9236 | Ossuary  | Reached XP level 10. HP: 72/83 MP: 7/10
  9427 | D:8      | Killed a death yak
 10059 | D:8      | Found a staircase to the Lair.
 10288 | D:8      | Found a hide-covered altar of Uskayaw.
 10782 | D:8      | Noticed Psyche
 10790 | D:8      | Killed Psyche
 11124 | D:9      | Noticed a six-headed hydra
 11329 | D:9      | Noticed a cyclops
 11596 | D:9      | Killed a cyclops
 12667 | D:9      | Found Ytabb's Armour Shoppe.
 12974 | D:9      | Reached XP level 11. HP: 31/89 MP: 4/11
 13470 | D:9      | Killed a six-headed hydra
 13573 | D:10     | Entered Level 10 of the Dungeon
 13671 | D:10     | Noticed a two-headed ogre
 13684 | D:10     | Noticed a boulder beetle
 13758 | D:10     | Noticed a two-headed ogre
 13767 | D:10     | Killed a two-headed ogre
 13869 | D:10     | Noticed Erolcha
 13869 | D:10     | Noticed Maggie
 13875 | D:10     | Killed Maggie
 13890 | D:10     | Killed Erolcha
 13891 | D:10     | Reached skill level 10 in Armour
 14324 | D:10     | Learned a level 4 spell: Dispel Undead
 14347 | D:10     | Noticed a two-headed ogre
 14609 | D:10     | Reached skill level 5 in Dodging
 14837 | D:10     | Killed a two-headed ogre
 15081 | D:10     | Reached skill level 10 in Fighting
 15154 | D:10     | Found a staircase to the Orcish Mines.
 16434 | D:11     | Noticed a skeletal warrior
 16976 | D:11     | Noticed a skeletal warrior
 16989 | D:11     | Killed a skeletal warrior
 17025 | D:11     | Reached XP level 12. HP: 48/97 MP: 9/13
 17082 | D:11     | Reached skill level 1 in Spellcasting
 17082 | D:11     | Reached skill level 1 in Necromancy
 17126 | D:11     | Noticed a centaur warrior
 17131 | D:11     | Killed a centaur warrior
 17442 | D:8      | Killed p0werm0de's ghost
 17443 | D:8      | Reached skill level 1 in Long Blades
 17581 | D:4      | Killed Armakuni's ghost
 17582 | D:4      | Reached skill level 2 in Long Blades
 17669 | Lair:1   | Entered Level 1 of the Lair of Beasts
 17916 | Lair:1   | Noticed Urug
 17920 | Lair:1   | Killed Urug
 17921 | Lair:1   | Reached skill level 3 in Long Blades
 17966 | Lair:1   | Reached skill level 4 in Long Blades
 18003 | Lair:1   | Noticed Joseph
 18024 | Lair:1   | Killed Joseph
 18595 | Lair:1   | Noticed a four-headed hydra
 18606 | Lair:1   | Killed a one-headed hydra
 18607 | Lair:1   | Reached skill level 5 in Long Blades
 18691 | Lair:1   | Learned a level 5 spell: Borgnjor's Vile Clutch
 18770 | Lair:1   | Found a runed translucent door.
 18772 | Lair:1   | Noticed NigelTetley's ghost (journeyman FoFi)
 18803 | Lair:1   | Killed NigelTetley's ghost
 18806 | Lair:1   | Reached skill level 6 in Long Blades
 19130 | Lair:1   | Identified the +7 chain mail "Fusheg" {rElec rC+ rN+ Int+2}
 19269 | Lair:2   | Noticed a six-headed hydra
 19276 | Lair:2   | Killed a one-headed hydra
 19330 | Lair:2   | Noticed a four-headed hydra
 19341 | Lair:2   | Killed a one-headed hydra
 19342 | Lair:2   | Reached skill level 7 in Long Blades
 19474 | Lair:2   | Noticed a four-headed hydra
 19480 | Lair:2   | Killed a one-headed hydra
 19500 | Lair:2   | Found a hole to the Spider Nest.
 19516 | Lair:2   | Noticed an eight-headed hydra
 19540 | Lair:2   | HP: 3/97 [rime drake/flash freeze (23)]
 19541 | Lair:2   | Noticed a catoblepas
 19717 | Lair:2   | Reached skill level 8 in Long Blades
 20078 | Lair:2   | Killed a one-headed hydra
 20234 | Lair:2   | Gained mutation: You are in touch with the powers of death.
                  | [Mummy growth]
 20234 | Lair:2   | Reached XP level 13. HP: 47/103 MP: 16/16
 20712 | Lair:3   | Reached skill level 9 in Long Blades
 20899 | Lair:3   | Noticed Fannar
 20923 | Lair:3   | Killed Fannar
 21274 | Lair:3   | Reached skill level 10 in Long Blades
 21999 | Lair:4   | Found a staircase to the Swamp.
 22499 | Lair:4   | Reached skill level 11 in Long Blades
 22904 | D:7      | Bought the +8 demon blade "Leech" {vamp, Harm Drain rN+}
                  | for 2989 gold pieces
 22904 | D:7      | Found the +8 demon blade "Leech" {vamp, Harm Drain rN+}
 23008 | Orc:1    | Entered Level 1 of the Orcish Mines
 23059 | Orc:1    | Reached skill level 12 in Long Blades
 23389 | Orc:2    | Entered Level 2 of the Orcish Mines
 23403 | Orc:2    | Noticed julianmaster's ghost (journeyman OpSu)
 23410 | Orc:2    | Found a runed translucent gate.
 23410 | Orc:2    | Found a runed translucent gate.
 23410 | Orc:2    | Found a runed translucent gate.
 23434 | Orc:2    | Killed julianmaster's ghost
 23568 | Orc:2    | Found a staircase to the Elven Halls.
 23896 | Orc:2    | Found Soohei's Magic Scroll Boutique.
 23901 | Orc:2    | Bought a scroll of fog for 26 gold pieces
 23901 | Orc:2    | Bought a scroll of immolation for 45 gold pieces
 23963 | Orc:2    | Reached XP level 14. HP: 108/110 MP: 17/17
 24146 | Orc:2    | Reached skill level 13 in Long Blades
 24169 | Orc:2    | Found Dyaxeghu's Magic Scroll Emporium.
 24169 | Orc:2    | Found Vumimp's Antique Armour Boutique.
 24193 | Orc:2    | Bought a scroll of blinking for 82 gold pieces
 24193 | Orc:2    | Bought a scroll of fear for 38 gold pieces
 24193 | Orc:2    | Bought a scroll of teleportation for 33 gold pieces
 24193 | Orc:2    | Bought a scroll of teleportation for 33 gold pieces
 24584 | Orc:2    | Found Miadet's Assorted Antiques.
 24584 | Orc:2    | Found Duutu's Book Boutique.
 24608 | Orc:2    | Found Lilas's Mass Market.
 24670 | Orc:2    | Found Paumevow's Assorted Antiques.
 25278 | Orc:2    | Bought the +0 pair of fencer's gloves {Riposte Dex+3} for
                  | 1440 gold pieces
 25278 | Orc:2    | Found the +0 pair of fencer's gloves {Riposte Dex+3}
 25560 | Spider:1 | Entered Level 1 of the Spider Nest
 25570 | Spider:1 | Reached skill level 14 in Long Blades
 25620 | Spider:1 | Noticed a broodmother
 25634 | Spider:1 | Killed a broodmother
 26203 | Spider:1 | Slain by a jumping spider

Illustrated notes

Levels and vault maps discovered:
D:1:      dpeg_arrival_morbid_curiosity, layout_loops_ring,
          nicolae_ecumenical_lake_church
D:2:      layout_basic, minmay_rat_hole
D:3:      layout_loops_ring, nicolae_wormholes
D:4:      minmay_spotlight, layout_cave_pools, gammafunk_ghost_mausoleum,
          uniq_sigmund
D:5:      layout_loops_ring, temple_statues, grunt_decor_cap
D:6:      layout_basic, uniq_edmund, uniq_prince_ribbit1, uniq_duvessa
D:7:      layout_gridville
D:8:      layout_basic, general_overflow_altar, david_lair_generic,
          hellmonk_ghost_happy_afterlife, enter_ossuary_5, special_room
          [special_room_orc], st_stairs_13, uniq_psyche
D:9:      layout_roguey, serial_shops, nicolae_shop_behind_doors,
          chequers_serial_rivers_small_b, grunt_ministairs_2,
          minmay_misc_feat_columns, chequers_serial_rivers_micro_e,
          hangedman_decor_slide_cut, st_stairs_7
D:10:     layout_basic, erik_orc_2, st_stairs_5, nrook_mini_backslash,
          nicolae_fountain_basement, uniq_erolcha, uniq_maggie
D:11:     layout_loops_ring, portal_ice_cave_entry_pillars_1, fountainhead,
          minmay_checkerbox
Temple:   kilobyte_greek_temple
Lair:1:   layout_roguey, ebering_ghost_inner_flame,
          dreamdust_deal_with_the_devil, dpeg_stationary_puzzle,
          infiniplex_staircase_pool, grunt_megastairs_3, lemuel_fruit_tree,
          uniq_urug, uniq_joseph
Lair:2:   layout_regular_city, spider_nest_entry_web_field,
          kennysheep_abandoned_house
Lair:3:   layout_concentric_octagons, serial_bayou_shore_a, grunt_megastairs_1,
          uniq_fannar
Lair:4:   layout_cave_pods, swamp_mist, special_room
          [special_room_mythical_zoo], roderic_batcave, kennysheep_rathole
Spider:1: layout_spider_delve
Orc:1:    layout_caves, basic_altar, minmay_orc_temple_c
Orc:2:    st_orc_town, layout_caves, gammafunk_ghost_split, serial_shops,
          shop_statue, nicolae_shop_statue_plus, minmay_shop_mass, mines2_lemuel

Skill      XL: |  1  2  3  4  5  6  7  8  9 10 11 12 13 14 |
---------------+-------------------------------------------+-----
Fighting       | 4 5 6 7 9 10 | 10.0
Shields        | 3 4 |  4.0
Dodging        | 2 3 4 7 8 |  8.6
Evocations     | 3 4 5 6 |  6.0
Maces & Flails | 5 |  5.0
Armour         | 5 8 10 11 | 11.1
Spellcasting   | 2 |  2.4
Necromancy     | 2 |  2.0
Long Blades    | 8 12 14 | 14.0

Action                   |  1- 3 |  4- 6 |  7- 9 | 10-12 | 13-15 || total
-------------------------+-------+-------+-------+-------+-------++-------
Melee: Flail             |   127 |   233 |   331 |    97 |       ||   788
       Morningstar       |       |       |       |   496 |       ||   496
       Double sword      |       |       |       |   246 |   345 ||   591
       Demon blade       |       |       |       |       |   726 ||   726
Invok: Call Merchant     |       |       |       |     1 |       ||     1
       Potion Petition   |       |       |       |     1 |       ||     1
Evoke: Wand              |       |       |    10 |    51 |    10 ||    71
       Lightning rod     |       |       |       |     5 |    14 ||    19
       Box of beasts     |       |       |       |       |     2 ||     2
       Phial of floods   |       |       |       |       |     1 ||     1
  Use: Scroll            |     4 |     4 |     4 |    16 |     3 ||    31
 Stab: Distracted        |       |       |     3 |     3 |     6 ||    12
       Paralysed         |       |       |       |    11 |     2 ||    13
       Petrifying        |       |       |       |     1 |       ||     1
Armor: Scale mail        |    67 |    97 |       |       |       ||   164
       Ring mail         |       |    40 |   122 |   291 |       ||   453
       Chain mail        |       |       |       |    95 |   325 ||   420
Dodge: Dodged            |    71 |   132 |   186 |   513 |   370 ||  1272
Block: Buckler           |    34 |    71 |   110 |   320 |   260 ||   795
       Rpst.: Demon blade |       |       |       |       |    24 ||    24

Table legend: (Time is in decaauts)
 A = Elapsed time spent in this place.
 B = Non-inter-level travel time spent in this place.
 C = Inter-level travel time spent in this place.
 D = Time resting spent in this place.
 E = Time spent auto-exploring this place.
 F = Levels seen in this place.
 G = Mean time per level.
                   A        B        C        D        E       F      G
               +--------+--------+--------+--------+--------+-----+--------+
         Total |  26534 |  25254 |   1280 |   6195 |  11791 |  20 | 1326.7 |
       Dungeon |  17804 |  16981 |    823 |   5362 |   7436 |  11 | 1618.5 |
        Temple |    140 |    105 |     35 |      0 |     93 |   1 |  140.0 |
          Lair |   5323 |   5076 |    247 |    734 |   2752 |   4 | 1330.8 |
   Spider Nest |    481 |    481 |      0 |      0 |    155 |   1 |  481.0 |
  Orcish Mines |   2291 |   2117 |    174 |     99 |    994 |   2 | 1145.5 |
       Ossuary |    493 |    493 |      0 |      0 |    361 |   1 |  493.0 |
               +--------+--------+--------+--------+--------+-----+--------+

Top non-repeatable levels by time:
     D:8: 2715 daAuts
    D:10: 2348 daAuts
     D:4: 2139 daAuts
     D:9: 1744 daAuts
  Lair:1: 1672 daAuts
    D:11: 1652 daAuts
     D:7: 1623 daAuts
  Lair:2: 1489 daAuts
   Orc:2: 1472 daAuts
     D:2: 1282 daAuts
     D:3: 1258 daAuts
     D:1: 1141 daAuts
  Lair:3: 1127 daAuts
     D:5: 1037 daAuts
  Lair:4: 1034 daAuts
